 Dungeon Crawl Stone Soup version 0.28.0-49-g6dfe1f597d (webtiles) character file.

Game seed: 14099819751805391892

66 hawla the Firebug (level 3, 0/14 HPs)
             Began as a Felid Fire Elementalist on May 11, 2022.
             Slain by a frilled lizard (3 damage)
             ... on level 3 of the Dungeon.
             The game lasted 00:07:42 (2086 turns).

hawla the Firebug (Felid Fire Elementalist)         Turns: 2086, Time: 00:07:43

Health: 0/14       AC:  1    Str:  8    XL:     3   Next: 96%
Magic:  1/7        EV: 17    Int: 24    God:
Gold:   50         SH:  0    Dex: 16    Spells: 3/6 levels left
                                        Lives:  0   Deaths: 0

rFire   . . .      SeeInvis +   (weapon unavailable)
rCold   + . .      Faith    .   (shield unavailable)
rNeg    . . .      Spirit   .   (armour unavailable)
rPois   +          Reflect  .   (helmet unavailable)
rElec   .          Harm     .   (cloak unavailable)
rCorr   .          Rampage  .   (gloves unavailable)
Will    +....                   (boots unavailable)
Stlth   +++.......              (no amulet)
HPRegen 0.04/turn               c - +6 ring of intelligence
MPRegen 0.10/turn               h - ring of Jaemalua {rPois rC+ Will+ Str+4}

@: about to teleport, quick
A: very small, claws 1, fangs 3, see invisible, speed 1, shaggy fur 1, stealthy
paws, no weapons or thrown items, no armour, multi-lived
a: no special abilities


You were on level 3 of the Dungeon.
You visited 1 branch of the dungeon, and saw 3 of its levels.

You collected 50 gold pieces.

Inventory:

Jewellery
 c - a +6 ring of intelligence (left paw)
 h - the ring of Jaemalua (right paw) {rPois rC+ Will+ Str+4}
   (You found it on level 2 of the Dungeon)

   [ring of poison resistance]

   Str:       It affects your strength (+4).
   rC:        It protects you from cold.
   rPois:     It protects you from poison.
   Will:      It increases your willpower.
Scrolls
 a - a scroll of identify
 b - a scroll of amnesia
 g - a scroll of teleportation
 i - a scroll of acquirement {unknown}
 j - a scroll of enchant armour {unknown}
 k - a scroll of brand weapon {unknown}
Potions
 d - a potion of mutation
 f - a potion of berserk rage


   Skills:
 + Level 2.7 Dodging
 + Level 3.6 Stealth
 + Level 0.1 Unarmed Combat
 + Level 2.4 Spellcasting
 + Level 1.1 Conjurations
 + Level 3.7 Fire Magic


You had 3 spell levels left.
You knew the following spells:

 Your Spells              Type           Power      Damage    Failure   Level
a - Foxfire               Conj/Fire      56%        2x1d6     4%          1
b - Scorch                Fire           40%        2d7       3%          2

Your spell library contained the following spells:

 Spells                   Type           Power      Damage    Failure   Level
 Conjure Flame            Conj/Fire      14%        6-21      13%         3
 Inner Flame              Hex/Fire       11%        N/A       16%         3
 Flame Wave               Conj/Fire      14%        2d6       38%         4


Dungeon Overview and Level Annotations

Branches:
Dungeon (3/15)

Altars:
Kikubaaqudgha

Annotations:
D:3 Sigmund


Innate Abilities, Weirdness & Mutations

You have sharp claws.
You have razor-sharp teeth.
You have supernaturally acute eyesight. (SInv)
You cover ground quickly. (Speed+)
You are covered in fur. (AC +1)
Your paws help you pounce on unaware monsters.
You are incapable of wielding weapons or throwing items.
You cannot wear armour.
You gain extra lives every three experience levels.


Message History

Casting: Foxfire (safe; 4% risk of failure)
Confirm with . or Enter, or press ? or * to list all spells.
Flames lash the rat.
You kill the rat!
You hear an angry hiss.
The foxfire hits the dart slug but does no damage.
The dart slug is severely wounded.
The foxfire hits the dart slug.
You kill the dart slug!
An orc comes into view. It is wielding a +0 trident.
An orc comes into view. It is wielding a +0 hand axe.
Casting: Scorch (safe; 3% risk of failure)
Confirm with . or Enter, or press ? or * to list all spells.
You conjure some foxfire!
The orc misses you.
A frilled lizard comes into view.
The orc misses you.
The orc hits your foxfire with a +0 hand axe.
The foxfire hits the orc.
The orc is lightly wounded.
The foxfire hits the orc.
The orc is almost dead.
A bat comes into view.
You aren't carrying any items that you can evoke.
The orc barely misses you. The orc closely misses you.
You scratch the orc.
You kill the orc!
The orc hits you from afar with a +0 trident.
As you read the scroll labelled WILYUKHOYM, it crumbles to dust.
You feel strangely unstable.
It was a scroll of teleportation.
The orc closely misses you. The bat hits you. The bat hits you.
You see here a +0 dagger.
The orc hits you from afar with a +0 trident.
* * * LOW HITPOINT WARNING * * *
An orc comes into view. It is wielding a +0 short sword.
You see here a potion of attraction.
A rat comes into view.
The bat completely misses you. The orc closely misses you. The orc misses you.
The frilled lizard bites you.
You die...

. ..... .
#....r..#
.#...#.
#.....#
..... o†)
##J##
#o.o#
#b@l#
#.)!#
#####


You could see 3 orcs, an endoplasm, a bat, a frilled lizard and a rat
(wandering).

Vanquished Creatures
  A worm (D:2)
  6 dart slugs
  An orc (D:3)
  A bat (D:1)
  3 endoplasms
  3 giant cockroaches
  5 goblins
  7 hobgoblins
  5 ball pythons
  4 frilled lizards
  4 kobolds
  8 rats
48 creatures vanquished.

Vanquished Creatures (others)
  107 foxfires
107 creatures vanquished.

Grand Total: 155 creatures vanquished

Notes
Turn   | Place    | Note
-------+----------+-------------------------------------------
     0 | D:1      | hawla the Felid Fire Elementalist began the quest for the
                  | Orb.
     0 | D:1      | Reached XP level 1. HP: 7/7 MP: 4/4
   203 | D:1      | Reached XP level 2. HP: 11/11 MP: 4/6
  1008 | D:1      | Reached XP level 3. HP: 12/14 MP: 5/7
  1106 | D:2      | Learned a level 2 spell: Scorch
  1223 | D:2      | Reached skill level 1 in Conjurations
  1319 | D:2      | Found an ancient bone altar of Kikubaaqudgha.
  1667 | D:2      | Identified the ring of Jaemalua {rPois rC+ Will+ Str+4}
  1963 | D:3      | Noticed Sigmund
  2086 | D:3      | Slain by a frilled lizard

Illustrated notes

Levels and vault maps discovered:
D:1:      tarquinn_simple_flora_water_d, layout_basic
D:2:      layout_loops_ring, basic_altar
D:3:      layout_rooms, tso_metal_star, gammafunk_ghost_arena, serial_shops,
          shop, minmay_fractal_squares_diagonal_5, uniq_sigmund

Skill      XL: |  1  2  3 |
---------------+----------+-----
Stealth        | 3 |  3.6
Fire Magic     | 3 |  3.7
Conjurations   | 1 |  1.1
Dodging        | |  2.7
Unarmed Combat | |  0.1
Spellcasting   | |  2.4

Action                   || total
-------------------------++-------
Melee: Unarmed           ||    16
       Bite              ||     4
 Cast: Foxfire           ||    62
       Scorch            ||     6
  Use: Scroll            ||     5
Armor: Skin              ||     1
Dodge: Dodged            ||    44
